 Dungeon Crawl Stone Soup version 0.31.0-12-g77e489cdc1 (webtiles) character file.

Game seed: 8537922254377788623

100 Gadfly the Covered (level 4, -3/38 HPs)
             Began as an Armataur Fighter on Mar 1, 2024.
             Slain by an orc
             ... wielding a +0 club
              (5 damage)
             ... on level 3 of the Dungeon.
             The game lasted 00:02:02 (1811 turns).

Gadfly the Covered (Armataur Fighter)               Turns: 1811, Time: 00:02:03

Health: -3/38      AC:  9    Str: 27    XL:     4   Next: 46%
Magic:  5/5        EV:  7    Int:  8    God:
Gold:   56         SH:  4    Dex: 12    Spells: 3/3 levels left

rFire   + . .        a - +1 flail
rCold   . . .        c - +0 buckler
rNeg    . . .        b - +0 scale mail
rPois   .            (no helmet)
rElec   .            (no cloak)
rCorr   .            i - +1 pair of gloves
SInv    .            (no barding)
Will    .....        (no amulet) Stlth
                     f - +6 ring of strength
HPRegen 0.26/turn    g - ring of protection from fire
MPRegen 0.09/turn

%: roll
@: mighty, attractive
A: large, deformed body, tough skin 3, armoured tail, roll 1
a: no special abilities


You were on level 3 of the Dungeon.
You visited 1 branch of the dungeon, and saw 3 of its levels.

You collected 56 gold pieces.

Inventory:

Hand Weapons
 a - a +1 flail (weapon)
Armour
 b - a +0 scale mail (worn)
 c - a +0 buckler (worn)
 i - a +1 pair of gloves (worn)
Jewellery
 f - a +6 ring of strength (left hand)
 g - a ring of protection from fire (right hand)
Scrolls
 e - a scroll of teleportation
Potions
 j - a potion of enlightenment
 k - a potion of haste {unknown}
 m - a potion of lignification


   Skills:
 + Level 3.0 Fighting
 * Level 2.5 Maces & Flails
 + Level 4.0 Armour
 + Level 3.6 Shields
 * Level 1.6 Invocations
 * Level 1.8 Evocations


You had 3 spell levels left.
You didn't know any spells.
Your spell library contained the following spells:

 Spells                   Type           Power      Damage    Failure   Level
 Dazzling Flash           Conj/Hex       0%         N/A       98%         3
 Gell's Gravitas          Tloc           0%         N/A       98%         3
 Mephitic Cloud           Conj/Alch/Air  0%         N/A       98%         3
 Bombard                  Conj/Erth      0%         9d1       100%        6


Dungeon Overview and Level Annotations

Branches:
Dungeon (3/15)

Altars:
Wu Jian


Innate Abilities, Weirdness & Mutations

Armour fits poorly on your strangely shaped body.
You have extremely tough skin. (AC +3)
You have a long armoured tail.
You regenerate magic when rolling toward enemies. (Rampage MPRegen)


Message History

You feel sick. The orc hits you with a +0 mace!
The orc hits you with a +2 dagger of venom.
You are more poisoned.
You are too injured to fight recklessly!
You are too injured to fight recklessly!
You are too injured to fight recklessly!
You are too injured to fight recklessly!
You are too injured to fight recklessly!
You are too injured to fight recklessly!
You are too injured to fight recklessly!
You are too injured to fight recklessly!
You are too injured to fight recklessly!
You are too injured to fight recklessly!
You are too injured to fight recklessly!
You are too injured to fight recklessly!
You are too injured to fight recklessly!
You are too injured to fight recklessly!
You are too injured to fight recklessly!
Unknown command.
You feel sick. The orc attacks as it pursues you!
The orc hits you with a +0 mace. The orc hits you but does no damage.
You feel sick. The orc barely misses you.
You feel sick.
You barely miss the orc.
You feel sick. The orc barely misses you. The orc hits you with a +0 club.
* * * LOW HITPOINT WARNING * * *
You hit the orc.
The orc is almost dead.
You feel sick. The orc hits you with a +0 club.
* * * LOW HITPOINT WARNING * * *
The orc hits you but does no damage.
You feel very mighty all of a sudden.
You feel sick. The orc hits you but does no damage. You block the orc's attack.
It was a potion of attraction.
You feel attractive to monsters.
You feel sick.
You are no longer poisoned.
A goblin comes into view. It is wielding a +0 club.
The orc hits you with a +0 club.
You die...

# #...♣♣........#
#...#####.............#
#............_..≈≈....
#...#####..##.....≈≈..#.
# #####.)##.........#..
#....#.....≈≈....#
#.#..#)o...≈≈....#
#...#o........#.
#..o@##.....##.
#.....###.##. #.....#
... ......... #.
###.#.##.## ....# .#
...... .. ##....# g##


You could see 3 orcs and a goblin (wandering).

Vanquished Creatures
  Jessica (D:2)
  A gnoll (D:1)
  2 adders (D:3)
  2 dart slugs
  A ribbon worm (D:2)
  2 orcs (D:3)
  A ball python (D:1)
  6 endoplasms
  A giant cockroach (D:2)
  2 goblins
  4 hobgoblins
  3 quokkas (D:1)
  3 bats (D:1)
  A frilled lizard (D:2)
  3 kobolds
  3 rats
36 creatures vanquished.

Notes
Turn   | Place    | Note
-------+----------+-------------------------------------------
     0 | D:1      | Gadfly the Armataur Fighter began the quest for the Orb.
     0 | D:1      | Reached XP level 1. HP: 18/18 MP: 1/1
   285 | D:1      | Reached XP level 2. HP: 25/25 MP: 2/2
   512 | D:1      | Reached skill level 1 in Invocations
   512 | D:1      | Reached skill level 1 in Evocations
   512 | D:1      | Reached XP level 3. HP: 21/29 MP: 3/3
   944 | D:2      | Noticed Jessica
   955 | D:2      | Killed Jessica
  1005 | D:2      | Got the Incunabulum of Non-Euclidean Energy
  1037 | D:2      | Reached XP level 4. HP: 37/37 MP: 5/5
  1690 | D:3      | Reached skill level 4 in Armour
  1764 | D:3      | Found an ornate altar of the Wu Jian Council.
  1811 | D:3      | Slain by an orc

Illustrated notes

Levels and vault maps discovered:
D:1:      spicycebolla_green_bress_n_ham_2, layout_rooms, minmay_misc_feat_room
D:2:      layout_basic, dreamdust_princess_bridge, uniq_jessica
D:3:      layout_loops_corners, nicolae_wu_jian_wuxing_cycle,
          basic_ecumenical_altar

Skill      XL: |  1  2  3  4 |
---------------+-------------+-----
Maces & Flails | 2 |  2.5
Invocations    | 1 |  1.6
Evocations     | 1 |  1.8
Armour         | 4 |  4.0
Fighting       | 3 |  3.0
Shields        | |  3.6

Action                     |  1- 3 |  4- 6 || total
---------------------------+-------+-------++-------
  Melee: Flail             |    82 |    42 ||   124
         Tailslap          |    10 |     3 ||    13
    Use: Scroll            |     5 |     1 ||     6
         Potion            |       |     4 ||     4
 Armour: Scale mail        |    80 |    43 ||   123
  Dodge: Dodged            |    29 |    21 ||    50
  Block: Buckler           |    20 |     5 ||    25
